 Dungeon Crawl Stone Soup version 0.18.1-48-g4cf74bf (webtiles) character file.

17 torvon the Grasshopper (level 2, 0/27 HPs)
             Began as a Troll Warper on Aug 6, 2016.
             Slain by a jackal (3 damage)
             ... on level 2 of the Dungeon.
             The game lasted 00:03:13 (633 turns).

torvon the Grasshopper (Troll Warper)                Turns: 633, Time: 00:03:14

Health: 0/27       AC:  5    Str: 18    XL:     2   Next: 44%
Magic:  3/3        EV: 10    Int:  9    God:
Gold:   55         SH:  0    Dex:  9    Spells: 2 memorised, 0 levels left

rFire  . . .     SeeInvis .     a - +0 mace
rCold  . . .     Gourm    +     b - +0 robe
rNeg   . . .     Faith    .     (no shield)
rPois  .         Spirit   .     (helmet restricted)
rElec  .         Dismiss  .     (no cloak)
rCorr  .         Reflect  .     (gloves unavailable)
SustAt .         Harm     .     (boots unavailable)
MR     .....                    (no amulet)
Stlth  +.........               (no ring)
                                (no ring)

@: not resistant to hostile enchantments, very unstealthy
A: unfitting armour, claws 3, fast metabolism 3, gourmand, regeneration 2,
shaggy fur 1, tough skin 2
a: no special abilities


You were on level 2 of the Dungeon.
You were very hungry.

You visited 1 branch of the dungeon, and saw 2 of its levels.

You collected 55 gold pieces.

Inventory:

Hand Weapons
 a - a +0 mace (weapon)
 h - a +0 club
 i - a +0 spear
 k - a cursed -2 dagger
 q - a +0 short sword
Missiles
 e - 5 tomahawks of dispersal (quivered)
 j - 50 stones
Armour
 b - a +0 robe (worn)
 l - a +0 ring mail
Jewellery
 o - an uncursed amulet of regeneration {unknown}
Scrolls
 d - a scroll of blinking
 m - a scroll of recharging {unknown}
 p - a scroll of identify {unknown}
Potions
 n - a potion of agility {unknown}
 r - a potion of degeneration {unknown}
Books
 c - a book of Spatial Translocations

   Spells                             Type                      Level
   a - Apportation                    Translocation                1
   b - Blink                          Translocation                2
   c - Shroud of Golubria             Charms/Translocation         2
   d - Portal Projectile              Translocation                3
   e - Teleport Other                 Translocation                3
   f - Passage of Golubria            Translocation                4
Comestibles
 f - 3 bread rations


   Skills:
 + Level 1.5 Fighting
 + Level 1.8 Maces & Flails
 + Level 0.8 Throwing
 + Level 2.1 Dodging
 + Level 1.3 Spellcasting
 + Level 2.5 Translocations


You couldn't memorise any spells.
You knew the following spells:

 Your Spells              Type           Power        Failure   Level  Hunger
a - Apportation           Tloc           #.........   14%         1    ##.....
b - Blink                 Tloc           N/A          21%         2    ###....


Dungeon Overview and Level Annotations

Branches:
Dungeon (2/15)

Altars:


Innate Abilities, Weirdness & Mutations

You are too large for most types of armour.
You have claws for hands.
Your metabolism is lightning-fast.
You like to eat raw meat.
You heal very quickly.
You are covered in fur (AC +1).
You have very tough skin (AC +2).


Message History

The jackal completely misses you. The giant newt closely misses you.
The jackal bites you.
* * * LOW HITPOINT WARNING * * *
The jackal barely misses you. The giant newt closely misses you.
The jackal bites you but does no damage.
The giant newt bites you but does no damage.
The jackal closely misses you.
As you are about to starve, you manage to eat something.
You are feeling very hungry.
The jackal barely misses you.
The giant newt bites you but does no damage.
That beef jerky was delicious!
The jackal barely misses you. The giant newt barely misses you.
The jackal bites you.
* * * LOW HITPOINT WARNING * * *
The giant newt bites you.
* * * LOW HITPOINT WARNING * * *
The jackal barely misses you. The jackal bites you.
You die...

..?........# #
##..#####.....###..#
.... ..........(...
...# ###.###.###..# #
#..# #.# #.# #
#.##..#####.###.###...
..................$.
#..# ####.##.###.##
#.@# #.##.#
#..####hl######.##.#
.$......r....<.....#
#######..######.####
....... .....
#####.######.### ..#
#.# ### #.# #.#


You could see a jackal, a giant newt and a rat.

Vanquished Creatures
  An ooze (D:1)
  2 giant cockroaches (D:1)
  2 goblins (D:1)
  A hobgoblin (D:1)
  A jackal (D:2)
  A giant newt (D:1)
  A kobold (D:2)
  4 rats (D:1)
13 creatures vanquished.

Vanquished Creatures (others)
  4 toadstools (D:1)
4 creatures vanquished.

Grand Total: 17 creatures vanquished

Notes
Turn   | Place    | Note
--------------------------------------------------------------
     0 | D:1      | torvon the Troll Warper began the quest for the Orb.
     0 | D:1      | Reached XP level 1. HP: 19/19 MP: 1/1
   227 | D:1      | Reached XP level 2. HP: 27/27 MP: 2/2
   327 | D:1      | Learned a level 2 spell: Blink
   604 | D:2      | Paralysed by fainting for 8 turns
   620 | D:2      | HP: 1/27 [giant newt (2)]
   633 | D:2      | Slain by a jackal

Skill      XL: |  1 |
---------------+----+-----
Dodging        | 2 |  2.1
Fighting       | |  1.5
Maces & Flails | |  1.8
Throwing       | |  0.8
Spellcasting   | |  1.3
Translocations | |  2.5

Action                   || total
-------------------------++-------
Melee: Mace              ||    41
  Eat: Beef jerky        ||     1
Armor: Robe              ||   156
Dodge: Dodged            ||   175
